 Dungeon Crawl Stone Soup version 0.28.0-53-g5a82cb258f (webtiles) character file.

Game seed: 17708536473121572064

1120 Labrat the Magician (level 7, -2/61 HPs)
             Began as a Demigod Conjurer on July 28, 2022.
             Slain by a vampire mosquito (4 damage)
             ... on level 5 of the Dungeon.
             The game lasted 00:11:32 (5632 turns).

Labrat the Magician (Demigod Conjurer)              Turns: 5632, Time: 00:11:32

Health: -2/61      AC:  3    Str:  8    XL:     7   Next: 88%
Magic:  16/19      EV: 16    Int: 28    God:
Gold:   165        SH:  0    Dex: 12    Spells: 14/17 levels left

rFire   . . .      SeeInvis .   e - +1 dagger (elec)
rCold   . . .      Faith    .   (no shield)
rNeg    . . .      Spirit   .   a - +0 robe
rPois   .          Reflect  .   (no helmet)
rElec   .          Harm     .   (no cloak)
rCorr   .          Rampage  .   (no gloves)
Will    .....                   v - +0 pair of boots
Stlth   ++........              j - amulet of magic regeneration
HPRegen 0.20/turn               c - +4 ring of evasion
MPRegen 0.56/turn               (no ring)

@: no status effects
A: high MP 1, forlorn, divine attributes
a: no special abilities


You were on level 5 of the Dungeon.
You visited 1 branch of the dungeon, and saw 6 of its levels.

You collected 165 gold pieces.

Inventory:

Hand Weapons
 d - a +1 dagger of holy wrath
 e - a +1 dagger of electrocution (weapon)
Missiles
 t - 5 poisoned darts
 z - 2 throwing nets
Armour
 a - a +0 robe (worn)
 v - a +0 pair of boots (worn)
Jewellery
 c - a +4 ring of evasion (left hand)
 j - an amulet of magic regeneration (around neck)
 s - a ring of resist corrosion
Wands
 k - a wand of iceblast (12)
Scrolls
 f - 3 scrolls of identify
 h - 2 scrolls of magic mapping {unknown}
 i - a scroll of vulnerability {unknown}
 l - 3 scrolls of summoning
 n - a scroll of enchant armour {unknown}
 r - a scroll of blinking {unknown}
 u - a scroll of teleportation {unknown}
 y - a scroll of fear {unknown}
Potions
 b - 2 potions of heal wounds {unknown}
 g - 4 potions of curing {unknown}
 m - a potion of degeneration {unknown}
 o - a potion of might {unknown}
 p - a potion of haste {unknown}
 q - a potion of resistance {unknown}
 w - a potion of attraction {unknown}
 x - a potion of flight {unknown}


   Skills:
 - Level 5.0 Fighting
 - Level 1.7 Dodging
 - Level 1.7 Stealth
 + Level 5.9 Spellcasting
 - Level 5.0 Conjurations


You had 14 spell levels left.
You knew the following spells:

 Your Spells              Type           Power      Damage    Failure   Level
a - Magic Dart            Conj           100%       1d8       1%          1
b - Searing Ray           Conj           72%        2d7       1%          2

Your spell library contained the following spells:

 Spells                   Type           Power      Damage    Failure   Level
 Static Discharge         Conj/Air       22%        N/A       3%          2
 Dazzling Flash           Conj/Hex       44%        N/A       7%          3
 Fulminant Prism          Conj/Hex       11%        3d9       22%         4
 Iskenderun's Mystic Bla  Conj/Tloc      22%        2d6       22%         4
 Lightning Bolt           Conj/Air       11%        1d24      52%         5
 Maxwell's Capacitive Co  Air            4%         ∞         100%        8


Dungeon Overview and Level Annotations

Branches:
Dungeon (6/15)
 Temple: D:4-7

Shops:
D:2 *   D:3 **:

Annotations:
D:5 Eustachio


Innate Abilities, Weirdness & Mutations

You have an increased reservoir of magic. (+10% MP)
You shall have no god before yourself.
Your divine heritage dramatically boosts your attributes as you level up.


Message History

The vampire mosquito draws strength from your injuries!
The searing ray hits the vampire mosquito.
The vampire mosquito is heavily damaged.
The vampire mosquito barely misses you. x3; The vampire mosquito bites you.
The vampire mosquito draws strength from your injuries!
The searing ray hits the vampire mosquito.
The vampire mosquito is heavily damaged.
You finish channelling your searing ray.
The vampire mosquito bites you.
The vampire mosquito draws strength from your injuries!
The vampire mosquito bites you.
* * * LOW HITPOINT WARNING * * *
The vampire mosquito draws strength from your injuries!
The vampire mosquito barely misses you. The vampire mosquito misses you.
Okay, then.
The vampire mosquito bites you but does no damage.
The vampire mosquito misses you.
Casting: Searing Ray (safe; 1% risk of failure)
Confirm with . or Enter, or press ? or * to list all spells.
Aiming: Searing Ray (safe; 1% risk of failure)
Press: ? - help, Shift-Dir - straight line, f/p - vampire mosquito
Aim: a vampire mosquito (moderately damaged, 68% to hit)
The searing ray misses the vampire mosquito. (Press . to maintain the ray.)
The vampire mosquito bites you.
* * * LOW HITPOINT WARNING * * *
The vampire mosquito draws strength from your injuries!
The vampire mosquito bites you!
* * * LOW HITPOINT WARNING * * *
The vampire mosquito draws strength from your injuries!
The vampire mosquito bites you.
* * * LOW HITPOINT WARNING * * *
The vampire mosquito draws strength from your injuries!
The vampire mosquito bites you but does no damage.
Unknown command.
As you read the scroll labelled WUTEDGH ENOCEMI, it crumbles to dust.
It is a scroll of identify.
l - 3 scrolls of summoning The vampire mosquito misses you.
The vampire mosquito bites you.
You die...

...#
#..............####.#...##
...####.............###......#
#..#.#...#.......[...###...###
.......###...........####..#
##.#...####..........##....#
####....#...........†.....###
#..##.....##.............#
#####...####...........###
##### #@y..........#
#.y.........## #..>.#.##.###
###.####### ###


You could see 2 vampire mosquitoes.

Vanquished Creatures
  Menkaure (D:5)
  2 ogres
  A black bear (D:5)
  A necrophage (D:5)
  A bullfrog (D:4)
  A scorpion (D:4)
  A howler monkey (D:4)
  A centaur skeleton (D:5)
  A gnoll shaman (D:4)
  3 hounds
  An orc priest (D:3)
  A bullfrog skeleton (D:5)
  An iguana (D:5)
  Jessica (D:2)
  A hound skeleton (D:4)
  4 gnolls (D:5)
  7 adders
  A white imp (D:5)
  An ufetubus (D:5)
  An adder skeleton (D:4)
  5 worms
  3 dart slugs
  5 orcs
  7 endoplasms
  6 giant cockroaches
  10 goblins
  4 hobgoblins
  2 jackals (D:4)
  11 kobolds
  4 quokkas
  5 ball pythons
  4 bats
  5 frilled lizards
  5 rats
108 creatures vanquished.

Notes
Turn   | Place    | Note
-------+----------+-------------------------------------------
     0 | D:1      | Labrat the Demigod Conjurer began the quest for the Orb.
     0 | D:1      | Reached XP level 1. HP: 14/14 MP: 5/5
   288 | D:1      | Reached XP level 2. HP: 20/20 MP: 3/7
  1127 | D:2      | Reached XP level 3. HP: 26/26 MP: 4/9
  1130 | D:2      | Learned a level 2 spell: Searing Ray
  1263 | D:2      | Found Haaxoeg's Assorted Antiques.
  1758 | D:2      | Noticed Jessica
  1759 | D:2      | Killed Jessica
  1760 | D:2      | Reached XP level 4. HP: 33/33 MP: 7/11
  1834 | D:3      | Found Axki Zigul's Assorted Antiques.
  2282 | D:3      | Found Vaeluj's Book Emporium.
  2987 | D:3      | Found Kopec's General Store.
  3163 | D:4      | Noticed a bullfrog
  3170 | D:4      | Reached XP level 5. HP: 32/38 MP: 6/13
  3171 | D:4      | Reached skill level 5 in Conjurations
  3439 | D:4      | Reached XP level 6. HP: 45/45 MP: 14/16
  3523 | D:4      | Reached skill level 5 in Spellcasting
  3523 | D:4      | Reached skill level 1 in Fighting
  4149 | D:5      | Entered Level 5 of the Dungeon
  4261 | D:5      | Reached XP level 7. HP: 55/57 MP: 14/17
  4305 | D:5      | Noticed Menkaure
  4422 | D:5      | Noticed Eustachio
  4736 | D:5      | Reached skill level 5 in Fighting
  4872 | D:5      | Killed Menkaure
  5631 | D:5      | HP: 3/61 [vampire mosquito (8)]
  5632 | D:5      | Slain by a vampire mosquito

Illustrated notes

Levels and vault maps discovered:
D:1:      eino_arrival_cavern_e, layout_basic,
          shapermc_ecumenical_altar_hornbeckon, st_stairs_12
D:2:      layout_loops_ring, serial_shops, nicolae_shop_trees, uniq_jessica
D:3:      layout_basic, nicolae_ru_the_path_less_chosen, lemuel_crystal_altar,
          serial_shops, shop, nicolae_shop_behind_doors, shop, amethyst_killhole
D:4:      layout_basic, xom_confusion_cloud, serial_curves, eino_curves_04,
          eino_curves_03, nicolae_concentric_dashed_squares_wild,
          hangedman_decor_points
D:5:      layout_cave_pools, lemuel_blue_sif_altar,
          mainiacjoe_overflow_alcove_2, uniq_menkaure, uniq_eustachio
D:6:      layout_basic, old_standard_altar, minmay_temple_entry_poolview,
          serial_shops, shop

Skill      XL: |  1  2  3  4  5  6  7 |
---------------+----------------------+-----
Spellcasting   | 2 3 4 5 |  5.9
Conjurations   | 4 5 |  5.0
Fighting       | 3 5 |  5.0
Dodging        | |  1.7
Stealth        | |  1.7

Action                   |  1- 3 |  4- 6 |  7- 9 || total
-------------------------+-------+-------+-------++-------
Melee: Dagger            |    11 |    11 |     1 ||    23
 Cast: Magic Dart        |    87 |    98 |    36 ||   221
       Searing Ray       |     1 |    12 |    10 ||    23
  Use: Scroll            |       |       |     1 ||     1
 Stab: Sleeping          |     1 |       |       ||     1
Armor: Robe              |     3 |     4 |     2 ||     9
Dodge: Dodged            |     7 |    21 |    19 ||    47
